 Dungeon Crawl Stone Soup version 0.29.1-15-g9cfb28693d (webtiles) character file.

Game seed: 2121379259572841495

46 DemonSlayer the Digger (level 3, 0/24 HPs)
             Began as a Demonspawn Earth Elementalist on Mar 9, 2023.
             Slain by an adder (4 damage)
             ... on level 2 of the Dungeon.
             The game lasted 00:02:01 (1602 turns).

DemonSlayer the Digger (DsEE)                       Turns: 1602, Time: 00:02:01

Health: 0/24       AC:  3    Str:  8    XL:     3   Next: 44%
Magic:  1/6        EV: 12    Int: 18    God:
Gold:   32         SH:  4    Dex: 13    Spells: 4/7 levels left

rFire   . . .      SeeInvis .   (no weapon)
rCold   . . .      Faith    .   (no shield)
rNeg    . . .      Spirit   .   a - +0 robe
rPois   .          Reflect  .   h - +0 helmet
rElec   .          Harm     .   (no cloak)
rCorr   +          Rampage  .   (no gloves)
Will    .....                   (no boots)
Stlth   ++........              (no amulet)
HPRegen 0.08/turn               (no ring)
MPRegen 0.10/turn               f - ring of resist corrosion

@: slowed, very slow
A: condensation shield
a: no special abilities


You were on level 2 of the Dungeon.
You visited 1 branch of the dungeon, and saw 2 of its levels.

You collected 32 gold pieces.

Inventory:

Armour
 a - a +0 robe (worn)
 h - a +0 helmet (worn)
Jewellery
 f - a ring of resist corrosion (right hand)
Scrolls
 c - 3 scrolls of poison {unknown}
 d - a scroll of teleportation {unknown}
 e - a scroll of enchant weapon {unknown}
 g - 2 scrolls of fear {unknown}
Potions
 b - a potion of magic


   Skills:
 + Level 1.9 Dodging
 + Level 2.0 Stealth
 + Level 2.6 Spellcasting
 + Level 0.8 Transmutations
 + Level 3.5 Earth Magic


You had 4 spell levels left.
You knew the following spells:

 Your Spells              Type           Power      Damage    Failure   Level
a - Sandblast             Erth           30%        2d9       4%          1
b - Passwall              Tmut/Erth      8%         N/A       11%         2

Your spell library contained the following spells:

 Spells                   Type           Power      Damage    Failure   Level
 Stone Arrow              Conj/Erth      16%        3d8       26%         3
 Petrify                  Tmut/Erth      10%        N/A       56%         4


Dungeon Overview and Level Annotations

Branches:
Dungeon (2/15)

Altars:

Annotations:
D:2 Natasha


Innate Abilities, Weirdness & Mutations

A meltable shield of frost defends you. (SH +4)


Message History

You are very lightly contaminated with residual magic.
Your movement speed is average.
Your attack delay is about 1.0.
The blast of sand hits Natasha!
Natasha is heavily wounded.
The blast of sand hits the iron imp.
The iron imp is lightly wounded.
Natasha casts a spell.
The iron imp hits you.
A kobold comes into view. It is wielding a +0 dagger.
Your magical contamination has completely faded away.
The blast of sand hits the iron imp!
The iron imp is heavily wounded.
The kobold shouts!
Natasha wildly gestures.
You feel troubled.
The blast of sand hits the iron imp!
You kill the iron imp!
The iron imp disappears in a puff of smoke!
A rat comes into view.
An adder comes into view.
The blast of sand hits Natasha.
Natasha is severely wounded.
The adder hisses angrily.
Natasha hisses.
Natasha claws you!
Unknown command.
You barely miss Natasha.
Natasha is severely wounded.
The adder closely misses you. Natasha barely misses you.
The adder closely misses you.
You hit Natasha but do no damage.
Natasha is severely wounded.
Natasha claws you.
* * * LOW HITPOINT WARNING * * *
The adder bites you.
* * * LOW HITPOINT WARNING * * *
You hit Natasha but do no damage.
Natasha is severely wounded.
Natasha casts a spell at you.
You feel yourself slow down. The adder bites you.
You die...

#...)(.# #......# #'#....
#....#### ..... .........
..... ######### ... # .r. #
#K# ########. # #S#
#........ # #@# #........ #
#h# #....$... # ########5#
#........ #
........5###.5......
################...#........
............(..'.....5......
################..†########.
#..........# #......†...#


You could see Natasha (strong), an adder, a white imp (summoned), a shadow imp
(summoned), a kobold and a rat.

Vanquished Creatures
  An adder (D:2)
  3 dart slugs
  3 endoplasms
  A giant cockroach (D:2)
  3 goblins
  5 hobgoblins
  4 kobolds
  2 quokkas
  3 ball pythons
  A bat (D:2)
  3 frilled lizards
  A rat (D:1)
30 creatures vanquished.

Notes
Turn   | Place    | Note
-------+----------+-------------------------------------------
     0 | D:1      | DemonSlayer the Demonspawn Earth Elementalist began the
                  | quest for the Orb.
     0 | D:1      | Reached XP level 1. HP: 13/13 MP: 3/3
    77 | D:1      | Found a faded altar of an unknown god.
    84 | D:1      | Reached skill level 3 in Earth Magic
   320 | D:1      | Gained mutation: A meltable shield of frost defends you.
                  | (SH +4) [demonic ancestry]
   320 | D:1      | Reached XP level 2. HP: 19/19 MP: 3/5
   913 | D:1      | Learned a level 2 spell: Passwall
  1295 | D:2      | Reached XP level 3. HP: 24/24 MP: 2/6
  1582 | D:2      | Noticed Natasha
  1602 | D:2      | Slain by an adder

Illustrated notes

Levels and vault maps discovered:
D:1:      onia_arrival_pentagram, layout_basic,
          hellmonk_ecumenical_altar_pennies_from_heaven, st_stairs_7
D:2:      layout_basic, chequers_serial_rivers_marsh, minmay_pentomino_v2,
          uniq_natasha

Skill      XL: |  1  2 |
---------------+-------+-----
Earth Magic    | 3 |  3.5
Stealth        | 2 |  2.0
Dodging        | |  1.9
Spellcasting   | |  2.6
Transmutations | |  0.8

Action                   || total
-------------------------++-------
Melee: Unarmed           ||     5
 Cast: Sandblast         ||    45
 Stab: Distracted        ||     1
Armor: Robe              ||     3
Dodge: Dodged            ||    23
Block: Other             ||     3
